 Dungeon Crawl Stone Soup version 0.27.1-4-g1640c2035a (webtiles) character file.

Game seed: 16795594171426423163

36720 boopmooplesden the Blocker (level 13, -9/122 HPs)
             Began as a Minotaur Fighter on Nov 9, 2021.
             Was a Priest of Ashenzari.
             Shot with an arrow by Nessos (19 damage)
             ... on level 6 of the Lair of Beasts.
             The game lasted 00:35:12 (20100 turns).

boopmooplesden the Blocker (Minotaur Fighter)      Turns: 20100, Time: 00:35:12

Health: -9/122     AC: 13    Str: 29    XL:     13   Next: 54%
Magic:  12/12      EV: 14    Int: 11    God:    Ashenzari [***...]
Gold:   1169       SH: 15    Dex: 12    Spells: 12/12 levels left

rFire    + . .     SeeInvis +   B - +8 trident "Asceticism of the Sky" {venom, *Slow Str+5, Elem, Melee} (curse)
rCold    + . .     Faith    .   c - +0 kite shield of Cremastomancy {Cun, Bglg} (curse)
rNeg     + . .     Spirit   .   f - +1 scale mail of the Ditch-Digger {rC+ rN+ Stlth+}
rPois    +         Reflect  .   (helmet restricted)
rElec    .         Harm     .   j - +0 cloak of Ashenzari's Liberalism {Fort, Self} (curse)
rCorr    +         Rampage  .   (no gloves)
Will     +....     Clarity  +   R - +0 pair of boots of the Eye in the Sky {rF+ Stlth+, Range, Melee} (curse)
Stlth    ++++......             (no amulet)
HPRegen  0.30/turn              H - ring "Ilout" {+Blink Will+ rCorr}
MPRegen  0.13/turn              s - ring "Circumscribed Lethargy" {Contam rPois Int+6 SInv, Cun, Melee} (curse)

@: studying Slings
A: horns 2, retaliatory headbutt
a: Renounce Religion, Evoke Blink, Curse Item, Shatter the Chains


You were on level 6 of the Lair of Beasts.
You worshipped Ashenzari.
Ashenzari was most pleased with you.
You visited 2 branches of the dungeon, and saw 18 of its levels.

You collected 1169 gold pieces.

Inventory:

Hand Weapons
 B - the cursed +8 trident "Asceticism of the Sky" (weapon) {venom, *Slow Str+5, Elem, Melee}
   (You acquired it on level 3 of the Lair of Beasts)

   It poisons the flesh of those it strikes.
   Str:       It affects your strength (+5).
   *Slow:     It may slow you when you take damage.
   It has a curse which improves the following skills: Elements: Fire Magic, Ice
   Magic, Air Magic and Earth Magic.
   Melee Combat: Short Blades, Long Blades, Axes, Maces & Flails, Polearms,
   Staves and Unarmed Combat.
Missiles
 a - 5 javelins
 F - a throwing net (quivered)
Armour
 b - a +0 scale mail
 c - the cursed +0 kite shield of Cremastomancy (worn) {Cun, Bglg}

   It has a curse which improves the following skills: Cunning: Dodging and
   Stealth.
   Beguiling: Conjurations, Hexes and Translocations.
 f - the +1 scale mail of the Ditch-Digger (worn) {rC+ rN+ Stlth+}
   (You took it off an orc on level 3 of the Dungeon)

   rC:        It protects you from cold.
   rN:        It protects you from negative energy.
   Stlth:     It makes you more stealthy.
 g - a +0 chain mail
 j - the cursed +0 cloak of Ashenzari's Liberalism (worn) {Fort, Self}
   (You found it on level 3 of the Dungeon)

   It has a curse which improves the following skills: Fortitude: Armour and
   Shields.
   Introspection: Fighting and Spellcasting.
 m - a scarf of shadows
 o - +0 steam dragon scales
 t - the +2 robe of Semot {Slay+5}
   (You found it on level 6 of the Dungeon)

   Slay:      It affects your accuracy & damage with ranged weapons and melee
   (+5).
 y - a +2 kite shield
 R - the cursed +0 pair of boots of the Eye in the Sky (worn) {rF+ Stlth+, Range, Melee}
   (You acquired it on level 2 of the Lair of Beasts)

   rF:        It protects you from fire.
   Stlth:     It makes you more stealthy.
   It has a curse which improves the following skills: Ranged Combat: Slings,
   Bows, Crossbows and Throwing.
   Melee Combat: Short Blades, Long Blades, Axes, Maces & Flails, Polearms,
   Staves and Unarmed Combat.
Jewellery
 n - a ring of fire
 s - the cursed ring "Circumscribed Lethargy" (right hand) {Contam rPois Int+6 SInv, Cun, Melee}
   (You acquired it on level 5 of the Dungeon)

   [ring of see invisible]

   Int:       It affects your intelligence (+6).
   rPois:     It protects you from poison.
   SInv:      It lets you see invisible.
   Contam:    It causes magical contamination when unequipped.
   It has a curse which improves the following skills: Cunning: Dodging and
   Stealth.
   Melee Combat: Short Blades, Long Blades, Axes, Maces & Flails, Polearms,
   Staves and Unarmed Combat.
 z - a +6 ring of strength
 D - a ring of protection from cold
 H - the ring "Ilout" (left hand) {+Blink Will+ rCorr}
   (You found it on level 7 of the Dungeon)

   [ring of resist corrosion]

   +Blink:    It lets you blink.
   rCorr:     It protects you from acid and corrosion.
   Will:      It increases your willpower.
 I - a +4 ring of evasion
 J - a ring of resist corrosion
 Q - a +6 ring of strength
Wands
 l - a wand of iceblast (31)
 L - a wand of acid (13)
 M - a wand of polymorph (6)
 Z - a wand of digging (7)
Scrolls
 p - 2 scrolls of magic mapping
 r - 2 scrolls of silence
 x - 9 scrolls of identify
 E - 3 scrolls of amnesia
 G - 7 scrolls of teleportation
 K - 4 scrolls of fear
 N - 3 scrolls of enchant armour
 T - a scroll of fog
 V - a scroll of enchant weapon
 X - a scroll of acquirement
 Y - a scroll of brand weapon
Potions
 d - a potion of might
 e - 5 potions of flight
 h - 2 potions of brilliance
 i - 4 potions of resistance
 k - 5 potions of attraction
 u - a potion of cancellation
 v - 5 potions of haste
 w - 3 potions of curing
 A - a potion of magic
 U - a potion of invisibility
 W - a potion of ambrosia


   Skills:
 + Level 11.6(13.3) Fighting
 + Level 14.6(17.9) Polearms
 + Level 0.3(1.0) Throwing
 + Level 11.3(13.0) Armour
 + Level 7.6(10.5) Dodging
 + Level 3.7(6.4) Stealth
 + Level 14.9(16.4) Shields
 + Level 0.1 Evocations


You had 12 spell levels left.
You didn't know any spells.
Your spell library contained the following spells:

 Spells                   Type           Power      Damage    Failure   Level
 Magic Dart               Conj           0%         1d3       50%         1
 Animate Skeleton         Necr           0%         N/A       52%         1
 Beastly Appendage        Tmut           0%         N/A       52%         1
 Pain                     Necr           0%         1d4       52%         1
 Searing Ray              Conj           0%         3d3       63%         2
 Corpse Rot               Necr/Air       N/A        N/A       65%         2
 Passwall                 Tmut/Erth      0%         N/A       65%         2
 Wereblood                Tmut           0%         N/A       67%         2
 Conjure Flame            Conj/Fire      0%         6-21      86%         3
 Portal Projectile        Hex/Tloc       0%         N/A       86%         3
 Swiftness                Air            0%         N/A       86%         3
 Ignite Poison            Fire/Tmut/Pois 0%         N/A       87%         3
 Call Canine Familiar     Summ           0%         N/A       88%         3
 Spider Form              Tmut/Pois      0%         N/A       88%         3
 Vampiric Draining        Necr           0%         2d6       88%         3
 Dispel Undead            Necr           0%         3d6       99%         4
 Fulminant Prism          Conj/Hex       0%         3d6       99%         4
 Leda's Liquefaction      Hex/Erth       0%         N/A       99%         4
 Sticky Flame             Conj/Fire      0%         2d3       99%         4
 Summon Lightning Spire   Summ/Air       0%         N/A       99%         4
 Alistair's Intoxication  Tmut/Pois      0%         N/A       100%        5
 Borgnjor's Vile Clutch   Necr/Erth      0%         N/A       100%        5
 Death Channel            Necr           0%         N/A       100%        6
 Eringya's Noxious Bog    Tmut/Pois      0%         N/A       100%        6
 Invisibility             Hex            0%         N/A       100%        6
 Storm Form               Tmut/Air       0%         N/A       100%        7
 Maxwell's Capacitive Co  Air            0%         ∞         100%        8


Dungeon Overview and Level Annotations

Branches:
Dungeon (12/15)            Temple (0/1) D:7            Lair (6/6) D:11
  Swamp (0/4) Lair:4       Spider (0/4) Lair:4        Slime (0/5) Lair:5
    Orc (0/2) D:10

Altars:
Ashenzari
Fedhas
Gozag
Hepliaklqana
Makhleb
Ru
Sif Muna
Yredelemnul
Beogh

Shops:
D:1 *   D:6 [

Annotations:
D:7 2 runed translucent doors
Lair:6 Nessos


Innate Abilities, Weirdness & Mutations

You have a pair of horns on your head.
You reflexively headbutt those who attack you in melee.


Message History

* * * LOW HITPOINT WARNING * * *
You feel very sick.
Nessos blinks!
Nessos shoots an arrow.
The arrow barely misses you.
You feel very sick.
Nessos blinks!
Nessos shoots an arrow.
The arrow hits you!
* * * LOW HITPOINT WARNING * * *
You are lethally poisoned!
Nessos shoots an arrow.
You block the arrow.
* * * LOW HITPOINT WARNING * * *
You feel very sick.
Nessos shoots an arrow.
You block the arrow.
* * * LOW HITPOINT WARNING * * *
You feel very sick.
Throw: 2 throwing nets
Press: ? - help, Q - select action, (/) - cycle Shift-Dir - straight line, f/p - Nessos
Aim: Nessos, wielding a +3 longbow of flaming, wearing a +0 barding and quivering arrows (fast, 74% to hit)
You throw a throwing net. The throwing net barely misses Nessos.
* * * LOW HITPOINT WARNING * * *
You feel very sick.
Nessos shoots an arrow.
You block the arrow.
Nessos blinks!
You feel much better.
You feel very sick.
Nessos shoots an arrow.
You block the arrow.
Nessos shoots an arrow.
The arrow hits you!!
* * * LOW HITPOINT WARNING * * *
The arrow burns you.
* * * LOW HITPOINT WARNING * * *
You feel better.
Nessos blinks!
Nessos pounds the earth with their hooves.
Nessos shoots an arrow.
You block the arrow.
You hit the komodo dragon.
The komodo dragon is poisoned.
You headbutt the komodo dragon!
The komodo dragon is moderately wounded.
The komodo dragon closely misses you.
You barely miss the komodo dragon. You headbutt the komodo dragon.
The komodo dragon is moderately wounded.
Nessos shoots an arrow.
The arrow completely misses you. Nessos says, "Study your classics!"
Nessos shoots an arrow.
The arrow hits you!!
You die...

####...###.........## ,,,
#........#......(...# * ,**
...............)....##* ,, * *
...........§.........# * **
...P...†.†...c.......##* *###
..P.P...†.............####*#..###
..#P..#.................^##......
.##..#....................†....(.
.P##.##.........@ll.....$........
###.........<....................
...............................
##..##..........................
,*... #P.........................
*## ,##.........................
, #..........................
#........................F..
...............


You could see Nessos (fast) and 2 komodo dragons.

Vanquished Creatures
  The ghost of cdecastro the Cleaver, a journeyman MiFi of Okawaru (D:11)
  9 hydras
  A catoblepas (Lair:5)
  A two-headed ogre (D:9)
  A tengu warrior (D:11)
  Pikel (D:8)
  A deep elf pyromancer (D:7)
  An orb spider (Lair:4)
  2 centaur zombies
  4 black mambas
  6 cane toads
  8 rime drakes (Lair:5)
  3 komodo dragons
  3 trolls
  2 polar bears
  A tyrant leech (Lair:4)
  Prince Ribbit (D:8)
  13 blink frogs
  9 dream sheep (Lair:4)
  2 wraiths
  A vampire (D:7)
  A shadow (D:8)
  37 yaks
  A wyvern (D:11)
  5 fire bats
  2 basilisks
  2 steam dragons
  2 swamp worms (Lair:4)
  3 acid dragons
  6 water moccasins
  2 ice beasts
  2 ogres (D:11)
  5 black bears
  2 necrophages
  3 orc warriors
  10 wolves (Lair:5)
  A phantom (D:4)
  3 centaurs
  2 lemures (D:8)
  6 kobold brigands
  11 bullfrogs
  A gnoll sergeant (D:10)
  A wyvern zombie (D:6)
  A wyvern skeleton (D:7)
  The ghost of boopmooplesden the Shield-Bearer, a weakling MiFi (D:3)
  6 killer bees
  13 wights
  9 howler monkeys
  An electric eel (Lair:3)
  3 jellies
  A bullfrog skeleton (D:5)
  2 bullfrog zombies
  5 hounds
  A gnoll shaman (D:9)
  8 orc priests
  A centaur skeleton (D:7)
  Terence (D:2)
  6 iguanas
  8 orc wizards
  4 hell rats (Lair:3)
  A hound skeleton (D:4)
  Robin (D:3)
  A howler monkey zombie (D:9)
  6 adders
  10 gnolls
  A white imp (D:6)
  An ufetubus (D:6)
  A worm (D:5)
  A dart slug (D:2)
  47 orcs
  7 endoplasms
  2 giant cockroaches
  10 goblins
  9 hobgoblins
  8 jackals
  4 quokkas
  4 ball pythons
  4 bats
  2 frilled lizards
  24 kobolds
  6 rats
400 creatures vanquished.

Vanquished Creatures (others)
  6 fungi
  22 plants
28 creatures vanquished.

Grand Total: 428 creatures vanquished

Notes
Turn   | Place    | Note
-------+----------+-------------------------------------------
     0 | D:1      | boopmooplesden the Minotaur Fighter began the quest for the
                  | Orb.
     0 | D:1      | Reached XP level 1. HP: 19/19 MP: 0/0
   218 | D:1      | Found Qeb Muvy's Assorted Antiques.
   247 | D:1      | Reached XP level 2. HP: 8/27 MP: 1/1
   470 | D:1      | Found a faded altar of an unknown god.
   802 | D:2      | Noticed Terence
   813 | D:2      | Killed Terence
   814 | D:2      | Reached XP level 3. HP: 24/33 MP: 2/2
  1230 | D:2      | Reached XP level 4. HP: 38/40 MP: 3/3
  1505 | D:3      | Found a runed translucent gate.
  1962 | D:3      | Reached XP level 5. HP: 46/47 MP: 4/4
  2026 | D:3      | Reached skill level 5 in Armour
  2295 | D:3      | Reached skill level 5 in Shields
  2340 | D:3      | Noticed Robin
  2353 | D:3      | Killed Robin
  2355 | D:3      | Reached XP level 6. HP: 17/53 MP: 5/5
  2593 | D:3      | Found a runed translucent gate.
  2594 | D:3      | Found a runed translucent gate.
  2595 | D:3      | Noticed boopmooplesden's ghost (weakling MiFi)
  2596 | D:3      | Identified the +1 scale mail of the Ditch-Digger {rC+ rN+
                  | Stlth+}
  2749 | D:3      | Killed boopmooplesden's ghost
  2876 | D:4      | Reached skill level 1 in Dodging
  3039 | D:4      | Reached skill level 5 in Polearms
  3116 | D:4      | Reached XP level 7. HP: 56/60 MP: 6/6
  3298 | D:4      | Found a blossoming altar of Fedhas.
  3335 | D:4      | Noticed a steam dragon
  3345 | D:4      | Killed a steam dragon
  3346 | D:4      | Reached skill level 5 in Fighting
  3931 | D:4      | Found a hazy altar of Hepliaklqana.
  3984 | D:4      | Found a broken altar of Ashenzari.
  4158 | D:4      | Became a worshipper of Ashenzari the Shackled
  4167 | D:5      | Entered Level 5 of the Dungeon
  4349 | D:5      | Reached XP level 8. HP: 63/69 MP: 7/7
  4435 | D:5      | Found a shimmering blue altar of Sif Muna.
  4484 | D:5      | Identified a scroll of acquirement
  4494 | D:5      | Acquired the ring of Megalomania {Contam rPois Int+6 SInv}
  4657 | D:6      | Identified the +2 robe of Semot {Slay+5}
  4899 | D:6      | Found Sysel's Armour Shop.
  5818 | D:6      | Found an opulent altar of Gozag.
  6442 | D:7      | Reached * piety under Ashenzari
  6472 | D:7      | Found a staircase to the Ecumenical Temple.
  6588 | D:7      | Found a large runed translucent door.
  6588 | D:7      | Found a large runed translucent door.
  6591 | D:7      | Noticed a troll
  6591 | D:7      | Noticed a deep elf pyromancer
  6592 | D:7      | Identified the ring "Ilout" {+Blink Will+ rCorr}
  6623 | D:7      | Reached skill level 1 in Stealth
  6623 | D:7      | Reached XP level 9. HP: 27/81 MP: 8/8
  6877 | D:7      | Found a large runed translucent door.
  6877 | D:7      | Found a large runed translucent door.
  7083 | D:7      | Found a basalt altar of Yredelemnul.
  7334 | D:7      | Reached ** piety under Ashenzari
  7867 | D:8      | Found a burning altar of Makhleb.
  7901 | D:8      | Found a sacrificial altar of Ru.
  8225 | D:8      | Noticed Prince Ribbit
  8227 | D:8      | Noticed Pikel
  8278 | D:8      | Killed Prince Ribbit
  8279 | D:8      | Reached skill level 10 in Polearms
  8444 | D:8      | Killed Pikel
  8445 | D:8      | Reached XP level 10. HP: 78/91 MP: 9/9
  9233 | D:9      | Noticed a two-headed ogre
  9249 | D:9      | Killed a two-headed ogre
  9520 | D:9      | Reached skill level 10 in Shields
  9740 | D:7      | Killed a deep elf pyromancer
 10129 | D:10     | Entered Level 10 of the Dungeon
 10924 | D:10     | Found a staircase to the Orcish Mines.
 11482 | D:11     | Reached skill level 5 in Dodging
 11487 | D:11     | Found a staircase to the Lair.
 11518 | D:11     | Reached XP level 11. HP: 83/99 MP: 10/10
 12096 | D:11     | Noticed a tengu warrior
 12112 | D:11     | Killed a tengu warrior
 12401 | D:11     | Noticed a five-headed hydra
 12415 | D:11     | Killed a five-headed hydra
 12739 | D:11     | Reached *** piety under Ashenzari
 12805 | D:11     | Found a runed translucent gate.
 12805 | D:11     | Found a runed translucent gate.
 12805 | D:11     | Found a runed translucent gate.
 12806 | D:11     | Noticed an 11-headed hydra
 12808 | D:11     | Noticed cdecastro's ghost (journeyman MiFi)
 12836 | D:11     | Killed an 11-headed hydra
 12889 | D:11     | Killed cdecastro's ghost
 13261 | D:12     | Noticed a boulder beetle
 13310 | Lair:1   | Entered Level 1 of the Lair of Beasts
 13706 | Lair:1   | Noticed a five-headed hydra
 13716 | Lair:1   | Killed a five-headed hydra
 13717 | Lair:1   | Reached skill level 10 in Armour
 13998 | Lair:1   | Reached XP level 12. HP: 12/113 MP: 11/11
 13998 | Lair:1   | HP: 4/113 [yak (9)]
 14014 | Lair:1   | Found the +0 pair of fencer's gloves {Riposte Dex+3}
 15295 | Lair:2   | Acquired the +0 pair of boots of a sewer {rF+ Stlth+}
 15934 | Lair:3   | Noticed a four-headed hydra
 15949 | Lair:3   | Killed a four-headed hydra
 15950 | Lair:3   | Reached skill level 10 in Fighting
 16002 | Lair:3   | Acquired the +8 trident of the Jester {venom, *Slow Str+5}
 16072 | Lair:3   | Noticed an eight-headed hydra
 16084 | Lair:3   | Killed an eight-headed hydra
 16349 | Lair:3   | Noticed a five-headed hydra
 16359 | Lair:3   | Killed a five-headed hydra
 17696 | Lair:4   | Noticed a five-headed hydra
 17706 | Lair:4   | Killed a five-headed hydra
 17861 | Lair:4   | Reached XP level 13. HP: 118/118 MP: 12/12
 18069 | Lair:4   | Found a hole to the Spider Nest.
 18549 | Lair:4   | Found a staircase to the Swamp.
 19791 | Lair:5   | Found a staircase to the Slime Pits.
 19903 | Lair:6   | Entered Level 6 of the Lair of Beasts
 20073 | Lair:6   | Noticed Nessos
 20096 | Lair:6   | HP: 6/122 [poisoned by Nessos]
 20097 | Lair:6   | HP: 2/122 [Nessos/arrow (1)]
 20100 | Lair:6   | Shot with an arrow by Nessos

Illustrated notes

Levels and vault maps discovered:
D:1:      dpeg_arrival_snail, layout_basic, serial_shops, shop,
          shapermc_ecumenical_altar_pompeii
D:2:      layout_loops_ring, st_stairs_9, uniq_terence
D:3:      layout_rooms, biasface_ghost_orc_armoury, corner_web_ring,
          kennysheep_path_1, uniq_robin
D:4:      layout_basic, kennysheep_little_box, lemuel_round_altar,
          nicolae_ashenzari_skybound, st_stairs_8
D:5:      layout_basic, amcnicky_altar_gilded, bloody_trog
D:6:      layout_layer_cave, mainiacjoe_overflow_six_doors_small, serial_shops,
          shop_fountains, kennysheep_decorative_pillar, columned_hall_lemuel
D:7:      layout_cave_pools, mainiacjoe_overflow_concentric_impassable,
          temple_fountains, serial_glass, glass_columns_b, glass_columns_b,
          glass_columns_b, glass_columns_b, glass_columns_b, glass_columns_b,
          due_unseen_surprise, minmay_strange_pillars,
          minmay_hollow_rounded_squares
D:8:      layout_loops_ring, makhleb_blood_cavern_becter,
          mainiacjoe_overflow_tiny_flanked, minivault_27, uniq_prince_ribbit1,
          uniq_pikel
D:9:      layout_irregular_city, grunt_ministairs_7, minmay_misc_feat_square
D:10:     layout_basic, orc_0_dummy
D:11:     layout_roguey [special_room_orc], david_lair_generic,
          gammafunk_ghost_hydra_chop, kennysheep_pointless_box
D:12:     layout_layer_cave, serial_shops, nicolae_diamond_shop, uniq_erolcha
Lair:1:   layout_hall_layers, grunt_megastairs_3
Lair:2:   layout_gridlike, serial_bayou_pond_c, grunt_megastairs_2
Lair:3:   layout_roguey, infiniplex_staircase_pool
Lair:4:   layout_long_grid, palyth_hydra_swamp_entry,
          nicolae_spider_entry_orb_guardian, amcnicky_mini_pool_medium
Lair:5:   layout_hall_layers, slime_dummy, gammafunk_ghost_grave,
          minmay_lair_drake_nest
Lair:6:   cheibrodos_lair_end_hotspot, layout_regular_city,
          mumra_transporter_accident, serial_bayou_shore_a,
          serial_bayou_shore_b, uniq_nessos, uniq_kirke

Skill      XL: |  1  2  3  4  5  6  7  8  9 10 11 12 13 |
---------------+----------------------------------------+-----
Armour         | 4 5 6 7 8 9 10 11 | 11.3
Fighting       | 4 5 6 7 8 9 10 11 | 11.6
Polearms       | 3 4 5 6 8 10 11 13 14 | 14.6
Shields        | 4 5 6 7 9 11 12 14 | 14.9
Dodging        | 1 2 3 5 7 |  7.6
Stealth        | 1 2 3 |  3.7
Throwing       | |  0.3
Evocations     | |  0.1

Action                   |  1- 3 |  4- 6 |  7- 9 | 10-12 | 13-15 || total
-------------------------+-------+-------+-------+-------+-------++-------
Melee: Trident           |    75 |   141 |   298 |   781 |   182 ||  1477
       Headbutt          |    11 |    27 |    69 |   175 |    52 ||   334
Throw: Throwing net      |       |       |       |     4 |     3 ||     7
Invok: Curse Item        |       |       |     4 |     3 |     1 ||     8
       Shatter the Chain |       |       |       |     3 |       ||     3
 Abil: Evoke Blink       |       |       |       |     1 |       ||     1
  Use: Scroll            |       |     9 |     3 |     5 |       ||    17
       Potion            |       |     1 |     2 |     2 |     2 ||     7
 Stab: Distracted        |       |       |     1 |       |     1 ||     2
       Held in net/web   |       |       |       |     2 |     1 ||     3
       Sleeping          |       |       |       |     4 |     1 ||     5
Armor: Chain mail        |    42 |    85 |       |       |       ||   127
       Scale mail        |     6 |     8 |    93 |   197 |    36 ||   340
Dodge: Dodged            |    27 |    54 |   104 |   296 |    72 ||   553
Block: Kite shield       |    40 |   111 |   174 |   504 |   125 ||   954
